Map: Overgrowth LE

Players

Lei - Winner!

  • Race: Zerg Zerg
  • Spawn Location: 1:00

DonJimbo

  • Race: Protoss Protoss
  • League: Platinum
  • Spawn Location: 7:00

VOD

Have the link to the VOD?

Description

Time

  • Played on: Aug. 20, 2017, 5:35 p.m.
  • Length: 12:08
Show
View Real Time Build Order
Export as new Build Order

Lei Zerg - Winner!

Build Orders: Hatch First, Muta Ling Bane 

Get SALT Encoding   

  12  0:01  Drone  
  13  0:08  Drone  
  14  0:18  Overlord  
  14  0:27  Extractor, Drone  
  15  0:36  Drone x2  
  17  0:44  Drone  
  18  0:58  Hatchery  
  17  1:10  Spawning Pool  
  16  1:13  Extractor  
  16  1:14  Drone  
  16  1:18  Drone  
  16  1:24  Drone  
  18  1:27  Drone  
  19  1:57  Drone  
  20  2:03  Hatchery  
  20  2:05  Zergling x2  
  20  2:14  Metabolic Boost  
  20  2:17  Queen  
  22  2:29  Queen  
  24  2:30  Drone x2  
  24  2:32  Drone  
  27  2:49  Drone  
  27  2:50  Overlord  
  28  2:59  Overlord  
  28  3:07  Overlord  
  28  3:08  Drone x2  
  28  3:09  Drone  
  31  3:14  Extractor, Lair  
  31  3:17  Drone  
  31  3:18  Drone  
  32  3:30  Zergling x2  
  32  3:31  Zergling x4  
  35  3:35  Baneling Nest  
  34  3:44  Zergling x6  
  34  3:45  Zergling x4  
  39  3:48  Drone  
  39  3:49  Drone  
  41  3:58  Drone x3  
  41  4:00  Drone  
  45  4:06  Extractor  
  45  4:08  Spore Crawler  
  45  4:09  Drone  
  44  4:13  Spore Crawler  
  43  4:22  Drone x3  
  46  4:27  Queen  
  48  4:33  Centrifical Hooks  
  48  4:38  Drone x2  
  50  4:49  Overseer  
  50  4:55  Overlord x2  
  50  5:00  Spire  
  49  5:10  Drone  
  50  5:32  Overseer  
  45  6:14  Mutalisk x6  
  45  6:17  Zergling x16  
  45  6:18  Zergling x2  
  66  6:19  Overlord x2  
  66  6:28  Extractor  
  65  6:32  Spore Crawler  
  65  6:34  Zergling x4  
  63  7:01  Drone x4  
  63  7:02  Drone x7  
  63  7:03  Drone x4  
  76  7:09  Drone x5  
  81  7:17  Extractor  
  79  7:38  Zergling x4  
  79  7:39  Zergling x2  
  79  7:40  Overlord  
  79  7:41  Overlord  
  82  8:14  Mutalisk x4  
  82  8:15  Mutalisk x4  
  82  8:17  Overlord x3  
  98  8:25  Extractor  
  97  8:32  Evolution Chamber, Zerg Flyer Weapons Level 1  
  97  8:33  Evolution Chamber  
  95  8:52  Overlord x2  
  95  8:56  Hydralisk Den  
  95  8:58  Zerg Missile Weapons Level 1  
  95  8:59  Zerg Ground Armor Level 1  
  94  9:32  Hydralisk  
  94  9:33  Hydralisk x9  
  94  9:34  Hydralisk x8  
  94  9:37  Overlord  
  130  9:43  Hatchery  
  127  10:13  Hydralisk x5  
  127  10:14  Hydralisk x4  
  139  10:31  Hydralisk x2  
  139  10:32  Hydralisk  
  139  10:33  Overlord x2  
  145  10:40  Roach Warren  
  144  10:54  Baneling x7  
  144  10:55  Baneling x7  
  144  10:56  Baneling x7  
  144  10:58  Overlord x2, Hydralisk x2  
  144  10:59  Hydralisk x5  
Show
View Real Time Build Order
Export as new Build Order

DonJimbo Protoss 

Build Orders: 1 Gate Expand, Zealot Archon, Dark Templar Rush 

Get SALT Encoding   

  12  0:01  Probe (Chrono Boost)  
  13  0:11  Probe (Chrono Boost)  
  14  0:20  Pylon  
  14  0:23  Probe (Chrono Boost)  
  15  0:38  Probe (Chrono Boost)  
  15  0:41  Gateway  
  16  0:48  Probe (Chrono Boost)  
  17  0:50  Assimilator  
  18  1:04  Probe (Chrono Boost)  
  18  1:14  Probe (Chrono Boost)  
  19  1:25  Nexus  
  19  1:32  Cybernetics Core  
  19  1:35  Probe (Chrono Boost)  
  20  1:42  Assimilator  
  20  1:45  Probe (Chrono Boost)  
  21  1:53  Pylon  
  21  1:58  Zealot  
  23  2:11  Probe (Chrono Boost)  
  24  2:22  Probe (Chrono Boost)  
  25  2:26  Warp Gate  
  25  2:32  Probe (Chrono Boost)  
  25  2:33  Stalker  
  28  2:39  Probe (Chrono Boost)  
  28  2:43  Mothership Core (Chrono Boost)  
  31  2:46  Pylon  
  31  2:50  Probe (Chrono Boost)  
  32  2:55  Twilight Council  
  32  3:00  Probe (Chrono Boost)  
  32  3:01  Probe (Chrono Boost)  
  34  3:11  Probe (Chrono Boost)  
  34  3:12  Probe (Chrono Boost)  
  36  3:23  Robotics Facility  
  36  3:25  Probe x2 (Chrono Boost)  
  38  3:35  Probe x2 (Chrono Boost)  
  39  3:43  Gateway x2  
  39  3:46  Probe x2 (Chrono Boost)  
  41  3:49  Gateway  
  41  3:56  Probe (Chrono Boost)  
  41  3:59  Dark Shrine, Probe (Chrono Boost)  
  43  4:03  Assimilator  
  43  4:07  Assimilator  
  43  4:08  Probe (Chrono Boost)  
  44  4:10  Probe (Chrono Boost)  
  44  4:15  Warp Prism (Chrono Boost)  
  47  4:17  Probe (Chrono Boost)  
  47  4:21  Probe  
  49  4:28  Pylon, Probe  
  50  4:33  Probe  
  50  4:38  Probe  
  52  4:50  Pylon  
  52  4:53  Nexus  
  52  4:57  Pylon  
  52  4:58  Probe  
  52  4:59  Probe  
  54  5:01  Pylon  
  54  5:08  Probe  
  54  5:12  Probe  
  56  5:19  Probe  
  57  5:24  Probe  
  57  5:25  Dark Templar x4  
  66  5:29  Archon  
  66  5:30  Archon  
  66  5:32  Charge  
  66  5:35  Immortal (Chrono Boost)  
  70  5:40  Gateway  
  70  5:41  Gateway  
  70  5:43  Probe  
  70  5:44  Gateway  
  70  5:45  Probe  
  72  5:54  Probe  
  73  6:16  Probe x2  
  73  6:17  Gateway  
  73  6:18  Pylon, Probe  
  76  6:24  Immortal (Chrono Boost), Assimilator  
  80  6:26  Probe  
  80  6:27  Probe  
  80  6:28  Pylon, Assimilator  
  80  6:30  Probe  
  83  6:37  Probe x2  
  85  6:51  Sentry x4  
  83  7:10  Dark Templar x2  
  83  7:14  Archon  
  87  7:20  Dark Templar x3  
  93  7:24  Archon  
  85  7:36  Dark Templar  
  71  7:37  Dark Templar  
  71  7:41  Archon  
  73  7:51  Dark Templar  
  75  8:03  Dark Templar  
  75  8:16  Dark Templar  
  75  8:18  Archon  
  77  8:20  Archon  
  77  8:22  Gateway  
  77  8:25  Gateway  
  77  8:29  Gateway  
  77  8:31  Gateway  
  77  8:32  Forge  
  77  8:41  Pylon x2  
  77  8:43  Pylon x2  
  77  8:45  Pylon  
  77  8:48  Pylon  
  77  8:50  Pylon  
  77  8:51  Pylon  
  77  9:00  Pylon  
  74  9:27  Photon Cannon  
  74  9:28  Photon Cannon  
  74  9:30  Photon Cannon  
  74  9:33  Photon Cannon  
  74  9:34  Photon Cannon  
  74  9:41  Photon Cannon  
  74  9:43  Photon Cannon  
  74  9:44  Dark Templar x3  
  74  9:45  Dark Templar x2  
  84  9:46  Dark Templar x2  
  84  9:50  Photon Cannon  
  84  9:51  Photon Cannon  
  84  9:52  Photon Cannon  
  88  9:53  Photon Cannon  
  88  9:56  Photon Cannon  
  88  9:57  Photon Cannon x2  
  88  9:59  Photon Cannon  
  83  10:05  Archon x3  
  83  10:13  Photon Cannon  
  83  10:19  Zealot x8  
  99  10:37  Photon Cannon  
  99  10:38  Photon Cannon  
  99  10:41  Photon Cannon  
  99  10:43  Dark Templar x2  
  99  10:44  Dark Templar x3  
  99  10:47  Archon  
  99  10:48  Archon  
  109  10:50  Archon  
  109  11:10  Zealot x3  
  115  11:19  Pylon  
  115  11:22  Photon Cannon  
  115  11:25  Photon Cannon  
  115  11:38  Pylon  
  115  11:39  Pylon  
  115  11:44  Mothership Core  
Tags
 
Add a new tag
Caveats
  • Supply blocks, unpowered buildings, or Contaminate may cause inaccurate times.
  • Supply counts are checked every 10 seconds.